 Dungeon Crawl Stone Soup version 0.28.0-43-g3370ac3207 (webtiles) character file.

Game seed: 10695318663316364087

171 xzight the Covered (level 5, -1/33 HPs)
             Began as a Gargoyle Fighter on Mar 18, 2022.
             Slain by a gnoll
             ... wielding a +0 flail
              (8 damage)
             ... on level 3 of the Dungeon.
             The game lasted 00:03:31 (2367 turns).

xzight the Covered (Gargoyle Fighter)               Turns: 2367, Time: 00:03:32

Health: -1/33      AC: 13    Str: 22    XL:     5   Next: 51%
Magic:  5/5        EV:  7    Int:  8    God:
Gold:   239        SH:  4    Dex:  9    Spells: 4/4 levels left

rFire   . . .      SeeInvis .   a - +0 war axe
rCold   . . .      Faith    .   c - +0 buckler
rNeg    + . .      Spirit   .   n - +0 chain mail
rPois   ∞          Reflect  .   (no helmet)
rElec   +          Harm     .   (no cloak)
rCorr   .          Rampage  .   (no gloves)
Will    .....                   (no boots)
Stlth   ..........              (no amulet)
HPRegen 0.11/turn               (no ring)
MPRegen 0.09/turn               (no ring)

@: no status effects
A: sickness immunity, AC +4, negative energy resistance 1, electricity
resistance, torment resistance 1, petrification resistance
a: no special abilities


You were on level 3 of the Dungeon.
You visited 1 branch of the dungeon, and saw 4 of its levels.

You collected 239 gold pieces.


Innate Abilities, Weirdness & Mutations

You are immune to sickness and miasma.
Your stone body is resilient. (AC +4)
You are immune to poison.
You resist negative energy. (rN+)
You are resistant to electric shocks. (rElec)
You are resistant to unholy torment.
You are immune to petrification.


   Skills:
 + Level 4.1 Fighting
 * Level 3.5 Axes
 + Level 4.1 Armour
 + Level 4.1 Shields


You had 4 spell levels left.
You didn't know any spells.
Your spell library was empty.

Inventory:

Hand Weapons
 a - a +0 war axe (weapon)
Missiles
 j - a throwing net (quivered) {=f}
Armour
 c - a +0 buckler (worn)
 n - a +0 chain mail (worn)
Scrolls
 b - a scroll of enchant armour {unknown}
 e - a scroll of identify {@r1}
 f - a scroll of noise {unknown}
 g - a scroll of vulnerability {unknown}
 k - a scroll of teleportation {unknown}
 l - a scroll of fear {unknown}
 m - a scroll of magic mapping {unknown}
 o - a scroll of silence {unknown}
Potions
 d - a potion of might
 h - a potion of cancellation
 i - a potion of berserk rage {!q}

Dungeon Overview and Level Annotations

Branches:
Dungeon (4/15)
 Temple: D:4-7

Altars:

##(...........##........##
...#..........#..........#
..............#..........#
...##....................#
##.......................#
.....#...................#
####....................###
###........#...........#
#........#.@g.......##
#........#.>........#
##########..........#
#..........# ##........##
##......## ########


You could see a gnoll.


Message History

The gnoll hits you but does no damage. You block the gnoll's attack.
Unknown command.
You closely miss the gnoll.
The gnoll is heavily wounded.
The gnoll hits you with a +0 flail.
* * * LOW HITPOINT WARNING * * *
The gnoll completely misses you. The gnoll hits you with a +0 flail.
* * * LOW HITPOINT WARNING * * *
Unknown command.
You are too injured to fight recklessly!
Unknown command.
You are too injured to fight recklessly!
Unknown command.
You are too injured to fight recklessly!
Unknown command.
You barely miss the gnoll.
The gnoll is heavily wounded.
The gnoll hits you from afar with a +0 spear.
* * * LOW HITPOINT WARNING * * *
The gnoll barely misses you.
The gnoll hits you from afar with a +0 spear.
* * * LOW HITPOINT WARNING * * *
You block the gnoll's attack.
You see here a ball python corpse.
There is a stone staircase leading up here.
You block the gnoll's attack. The gnoll hits you but does no damage.
You climb upwards.
There is a stone staircase leading down here.
The gnoll hits you with a +0 flail!
You die...

Skill      XL: |  1  2  3  4  5 |
---------------+----------------+-----
Axes           | 2 3 |  3.5
Armour         | 4 |  4.1
Shields        | 4 |  4.1
Fighting       | 4 |  4.1

Action                   |  1- 3 |  4- 6 || total
-------------------------+-------+-------++-------
Melee: War axe           |   124 |    32 ||   156
Throw: Throwing net      |     2 |       ||     2
  Use: Scroll            |       |     2 ||     2
Armor: Scale mail        |    66 |     3 ||    69
       Chain mail        |       |    32 ||    32
Dodge: Dodged            |    43 |    13 ||    56
Block: Buckler           |    24 |    12 ||    36

Levels and vault maps discovered:
D:1:      lemuel_arrival_lava_pool, layout_basic
D:2:      layout_basic, minmay_misc_feat_square
D:3:      layout_rooms, minmay_cut_off
D:4:      layout_gridville, uniq_pikel

Notes
Turn   | Place    | Note
-------+----------+-------------------------------------------
     0 | D:1      | xzight the Gargoyle Fighter began the quest for the Orb.
     0 | D:1      | Reached XP level 1. HP: 14/14 MP: 1/1
    49 | D:1      | You fall into a shaft and drop 1 floor!
    55 | D:2      | Reached skill level 2 in Axes
   220 | D:2      | Reached XP level 2. HP: 19/19 MP: 2/2
  1043 | D:2      | Reached XP level 3. HP: 23/23 MP: 3/3
  1850 | D:3      | Reached XP level 4. HP: 25/29 MP: 4/4
  2249 | D:4      | Noticed a scorpion
  2255 | D:4      | Killed a scorpion
  2256 | D:4      | Reached skill level 3 in Axes
  2256 | D:4      | Reached skill level 4 in Armour
  2256 | D:4      | Reached skill level 4 in Shields
  2256 | D:4      | Reached XP level 5. HP: 33/33 MP: 5/5
  2277 | D:4      | Reached skill level 4 in Fighting
  2367 | D:3      | Slain by a gnoll

Vanquished Creatures
  A scorpion (D:4)
  A centaur skeleton (D:4)
  A hound skeleton (D:4)
  An adder (D:2)
  3 worms
  2 orcs
  4 ball pythons
  3 endoplasms
  6 goblins
  7 hobgoblins
  3 jackals (D:2)
  2 bats
  3 frilled lizards
  10 kobolds
  3 rats
50 creatures vanquished.

Table legend: (Time is in decaauts)
 A = Elapsed time spent in this place.
 B = Non-inter-level travel time spent in this place.
 C = Inter-level travel time spent in this place.
 D = Time resting spent in this place.
 E = Time spent auto-exploring this place.
 F = Levels seen in this place.
 G = Mean time per level.
                   A        B        C        D        E       F      G
               +--------+--------+--------+--------+--------+-----+--------+
         Total |   2432 |   2369 |     63 |    270 |   1596 |   4 |  608.0 |
       Dungeon |   2432 |   2369 |     63 |    270 |   1596 |   4 |  608.0 |
               +--------+--------+--------+--------+--------+-----+--------+

Top non-repeatable levels by time:
     D:2: 881 daAuts
     D:3: 692 daAuts
     D:1: 661 daAuts
     D:4: 197 daAuts

Table legend:
 A = Non-vault XP
 B = Vault XP
 C = Vault XP percentage of total XP
 D = Non-vault monster count
 E = Vault monster count
 F = Vault count percentage of total count
                 A         B        C        D         E       F
            +---------+---------+-------+---------+---------+-------
      Total |     240 |       5 |   2.0 |      46 |       4 |   8.0
            +---------+---------+-------+---------+---------+-------
        D:1 |      17 |       0 |   0.0 |      11 |       0 |   0.0
        D:2 |      48 |       0 |   0.0 |      17 |       0 |   0.0
        D:3 |      20 |       5 |  20.0 |      10 |       4 |  28.6
        D:4 |     155 |       0 |   0.0 |       8 |       0 |   0.0
            +---------+---------+-------+---------+---------+-------
